 Dungeon Crawl Stone Soup version 0.19.1-1-g22dce08 (webtiles) character file.

105 Kiturien the Stinger (level 4, -22/29 HPs)
             Began as an Octopode Venom Mage on Jan 16, 2017.
             Was a Believer of Jiyva.
             Annihilated by an ogre
             ... wielding a +0 giant club
             ... created by the fury of Okawaru
              (45 damage)
             ... on level 3 of the Dungeon.
             The game lasted 00:12:53 (3295 turns).

Kiturien the Stinger (Octopode Venom Mage)          Turns: 3295, Time: 00:12:54

Health: -22/29     AC:  1    Str:  8      XL:     4   Next: 83%
Magic:  4/7        EV: 13    Int: 17      God:    Jiyva [**....]
Gold:   115        SH:  0    Dex: 10 (12) Spells: 2 memorised, 3 levels left

rFire  . . .     SeeInvis .     p - +0 rapier
rCold  . . .     Gourm    .     (no shield)
rNeg   . . .     Faith    .     (helmet restricted)
rPois  .         Spirit   .     (no amulet)
rElec  .         Reflect  .     (no ring)
rCorr  .         Harm     .     (no ring)
MR     .....                    (no ring)
Stlth  +++.......               (no ring)
                                (no ring)
                                (no ring)
                                (no ring)
                                (no ring)

@: very slightly contaminated
A: almost no armour, stealthy swim, amphibious, 8 rings, constrict 8, camouflage
1, gelatinous body 1
a: Request Jelly, Renounce Religion


You were on level 3 of the Dungeon.
You worshipped Jiyva.
Jiyva was pleased with you.
You were not hungry.

You visited 1 branch of the dungeon, and saw 3 of its levels.

You collected 115 gold pieces.

Inventory:

Hand Weapons
 d - a +0 dagger
 p - a +0 rapier (weapon)
Missiles
 f - 11 poisoned needles
 k - 4 curare-tipped needles
Wands
 l - a wand of polymorph (13/24)
Scrolls
 b - a scroll of random uselessness {unknown}
 c - a scroll of enchant weapon {unknown}
 e - 2 scrolls of identify
 m - a scroll of recharging {unknown}
 n - a scroll of remove curse
Potions
 g - a potion of heal wounds
 h - a potion of magic
 i - a potion of haste
 j - 2 potions of flight
Books
 a - a Young Poisoner's Handbook

   Spells                             Type                      Level
   a - Sting                          Conjuration/Poison           1
   b - Mephitic Cloud                 Conjuration/Poison/Air       3
   c - Olgreb's Toxic Radiance        Poison                       4
   d - Alistair's Intoxication        Transmutation/Poison         5
   e - Venom Bolt                     Conjuration/Poison           5
Comestibles
 o - a meat ration


   Skills:
 * Level 1.9 Fighting
 + Level 1.2 Short Blades
 + Level 2.4 Dodging
 + Level 3.4 Stealth
 + Level 0.4 Unarmed Combat
 + Level 2.2 Spellcasting
 + Level 0.2 Conjurations
 + Level 5.5 Poison Magic


You had 3 spell levels left.
You knew the following spells:

 Your Spells              Type           Power        Failure   Level  Hunger
a - Sting                 Conj/Pois      ##..         10%         1    #......
b - Mephitic Cloud        Conj/Pois/Air  #.......     30%         3    ###....


Dungeon Overview and Level Annotations

Branches:
Dungeon (3/15)

Altars:
Fedhas
Gozag
Okawaru
Uskayaw
Xom
Jiyva


Innate Abilities, Weirdness & Mutations

You cannot wear most types of armour.
You are very stealthy in the water. (Stealth+)
You are amphibious.
You can wear up to eight rings at the same time.
You can use your tentacles to constrict eight enemies at once.
Your skin changes colour to match your surroundings (Stealth+).
Your rubbery body absorbs attacks. (AC +1, EV +1)


Message History

The ogre goes berserk!
Casting: Sting
Confirm with . or Enter, or press ? or * to list all spells.
Okay, then.
Memorise Mephitic Cloud, consuming 3 spell levels and leaving 3?
You start memorising the spell.
You continue memorising. x2
The ogre closely misses you.
You continue memorising.
The ogre barely misses you.
You finish memorising.
Spell assigned to 'b'.
Casting: Sting
Confirm with . or Enter, or press ? or * to list all spells.
Aiming: Mephitic Cloud
Press: ? - help, Shift-Dir - straight line You miscast Mephitic Cloud.
You are very lightly contaminated with residual magic.
You feel a strange surge of energy! The ogre completely misses you.
The ogre hits you with a giant club!!!
Ouch! That really hurt!
You die...

#..##.#####.#
#......# #.# ###
#......# #.# ..#
#......# #.# ....
#......# #.# ##
#.#..
#......#####.##....
.....
#................#
#....
###................#
....
#......@O..........#
#....##............#
#.. #............# #
#..>............
####............
.............
#............
#.###.#..##


You could see an ogre (berserk).

Vanquished Creatures
  Jessica (D:3)
  An adder (D:2)
  A worm (D:3)
  A dart slug (D:1)
  A leopard gecko (D:2)
  An orc (D:3)
  9 hobgoblins
  6 jackals
  10 kobolds
  5 bats
  5 frilled lizards
  10 goblins
  12 rats
63 creatures vanquished.

Vanquished Creatures (others)
  2 jellies (D:3)
  Ijyb (D:3)
  An adder (D:2)
4 creatures vanquished.

Grand Total: 67 creatures vanquished

Notes
Turn   | Place    | Note
-------+----------+-------------------------------------------
     0 | D:1      | Kiturien the Octopode Venom Mage began the quest for the Orb.
     0 | D:1      | Reached XP level 1. HP: 11/11 MP: 3/3
    40 | D:1      | Reached skill level 5 in Poison Magic
   347 | D:1      | Reached XP level 2. HP: 6/17 MP: 0/5
  1128 | D:1      | Reached XP level 3. HP: 22/22 MP: 6/6
  1346 | D:1      | Reached skill level 1 in Fighting
  1918 | D:2      | Reached XP level 4. HP: 5/28 MP: 1/7
  2415 | D:2      | Found a faded altar of an unknown god.
  2415 | D:2      | Found a faded altar of an unknown god.
  2424 | D:2      | Found a faded altar of an unknown god.
  2427 | D:2      | Became a worshipper of Gozag Ym Sagoz the Greedy
  2432 | D:2      | Found a blossoming altar of Fedhas.
  2434 | D:2      | Found a faded altar of an unknown god.
  2459 | D:2      | Fell from the grace of Gozag
  2465 | D:2      | Became a worshipper of Xom of Chaos
  2477 | D:2      | Fell from the grace of Xom
  2477 | D:2      | Became a worshipper of Warmaster Okawaru
  2477 | D:2      | Reached * piety under Okawaru
  2483 | D:2      | Fell from the grace of Okawaru
  2483 | D:2      | Became a worshipper of Jiyva Jicwyck the Shapeless
  2483 | D:2      | Reached * piety under Jiyva
  2929 | D:3      | Found a hide-covered altar of Uskayaw.
  3135 | D:3      | Reached ** piety under Jiyva
  3159 | D:3      | Noticed Jessica
  3166 | D:3      | Killed Jessica
  3166 | D:3      | Reached skill level 1 in Short Blades
  3170 | D:3      | Killed Ijyb
  3291 | D:3      | Noticed an ogre
  3295 | D:3      | Learned a level 3 spell: Mephitic Cloud
  3295 | D:3      | Annihilated by an ogre

Skill      XL: |  1  2  3  4 |
---------------+-------------+-----
Poison Magic   | 5 |  5.5
Stealth        | 3 |  3.4
Fighting       | 1 |  1.9
Short Blades   | 1 |  1.2
Dodging        | |  2.4
Unarmed Combat | |  0.4
Spellcasting   | |  2.2
Conjurations   | |  0.2

Action                   |  1- 3 |  4- 6 || total
-------------------------+-------+-------++-------
Melee: Unarmed           |    31 |       ||    31
       Constrict         |    31 |    11 ||    42
       Tentacles         |    10 |     2 ||    12
       Dagger            |    76 |    36 ||   112
       Rapier            |       |     7 ||     7
 Cast: Sting             |    13 |    11 ||    24
Invok: Request Jelly     |       |     1 ||     1
       Renounce Religion |       |     1 ||     1
  Use: Potion            |     2 |       ||     2
       Scroll            |     5 |     2 ||     7
 Stab: Sleeping          |     6 |     1 ||     7
  Eat: Bread ration      |     1 |       ||     1
       Pizza             |       |     1 ||     1
       Beef jerky        |       |     1 ||     1
Armor: Skin              |     5 |     3 ||     8
Dodge: Dodged            |    67 |    31 ||    98
